Map: Thunderbird LE

Players

GunGFuBanDa - Winner!

  • Race: Protoss Protoss
  • Spawn Location: 5:00

Cham

  • Race: Zerg Zerg
  • Spawn Location: 11:00

Event: 2019 WCS Summer

VOD

Have the link to the VOD?

Description

Time

  • Played on: July 12, 2019, 11:54 a.m.
  • Length: 9:10

All games in this series

Show
View Real Time Build Order
Export as new Build Order

GunGFuBanDa Protoss - Winner!

Build Orders: 1 Gate Expand, Oracle Opening, Phoenix Opening, Mass Phoenix 

Get SALT Encoding   

  12  0:00  Probe  
  13  0:12  Probe  
  14  0:18  Pylon  
  14  0:24  Probe  
  15  0:32  Probe  
  15  0:38  Gateway  
  15  0:40  Probe  
  16  0:48  Assimilator  
  17  0:51  Probe  
  18  1:03  Probe  
  19  1:15  Probe  
  20  1:25  Nexus  
  20  1:35  Cybernetics Core  
  20  1:37  Probe  
  21  1:44  Assimilator  
  21  1:49  Probe  
  21  1:51  Pylon  
  22  2:01  Probe  
  23  2:02  Adept  
  23  2:13  Probe  
  26  2:20  Stargate  
  26  2:23  Probe  
  27  2:30  Warp Gate  
  27  2:31  Probe  
  27  2:34  Probe  
  27  2:35  Adept  
  30  2:39  Probe  
  30  2:42  Probe  
  33  2:51  Probe  
  33  2:52  Probe  
  35  3:02  Probe  
  35  3:03  Probe  
  35  3:04  Phoenix  
  39  3:10  Probe  
  39  3:15  Probe, Gateway  
  39  3:18  Probe  
  41  3:26  Pylon  
  42  3:29  Probe  
  42  3:30  Oracle  
  42  3:33  Assimilator  
  46  3:35  Assimilator  
  46  3:40  Probe, Pylon  
  46  3:44  Probe  
  46  3:48  Probe  
  48  3:53  Stargate  
  49  3:56  Probe  
  49  3:58  Probe  
  51  4:06  Pylon  
  51  4:08  Probe  
  52  4:10  Probe  
  52  4:11  Phoenix  
  55  4:18  Zealot x2  
  59  4:31  Probe x2, Phoenix  
  59  4:36  Phoenix  
  65  4:49  Nexus  
  65  4:50  Pylon  
  65  4:54  Adept, Phoenix  
  69  5:01  Pylon  
  69  5:08  Phoenix  
  69  5:09  Protoss Air Weapons Level 1  
  69  5:11  Adept, Phoenix  
  73  5:15  Probe x2  
  77  5:27  Probe x2  
  79  5:29  Pylon  
  79  5:31  Pylon  
  79  5:33  Phoenix  
  79  5:34  Phoenix  
  81  5:39  Probe  
  81  5:41  Sentry  
  86  5:44  Probe  
  86  5:49  Pylon  
  85  5:50  Robotics Facility  
  85  5:51  Probe, Robotics Facility  
  85  5:56  Probe  
  85  6:02  Phoenix  
  85  6:03  Probe  
  88  6:08  Probe  
  87  6:12  Probe  
  87  6:18  Phoenix  
  90  6:19  Probe  
  90  6:21  Forge  
  91  6:27  Probe, Phoenix  
  91  6:31  Probe  
  95  6:33  Zealot x2  
  95  6:37  Immortal x2  
  87  6:53  Zealot  
  87  6:54  Adept  
  79  6:58  Probe  
  79  7:01  Probe  
  74  7:03  Probe  
  75  7:09  Probe  
  75  7:10  Probe, Immortal  
  75  7:12  Probe  
  77  7:18  Sentry  
  77  7:20  Probe, Zealot  
  77  7:21  Probe  
  87  7:23  Probe  
  89  7:33  Immortal  
  93  7:41  Immortal  
  94  7:44  Probe  
  96  7:55  Probe x3  
  99  8:03  Probe  
  97  8:07  Probe x2  
  97  8:11  Probe  
  96  8:13  Immortal  
  96  8:15  Twilight Council, Immortal  
  99  8:24  Sentry  
  99  8:25  Stalker  
  105  8:31  Shield Battery  
  105  8:35  Shield Battery  
  105  8:37  Photon Cannon  
  105  8:41  Probe  
  105  8:42  Probe x2  
  104  8:53  Sentry  
  104  8:54  Sentry  
Show
View Real Time Build Order
Export as new Build Order

Cham Zerg 

Build Orders: Hatch First 

Get SALT Encoding   

  12  0:01  Drone  
  13  0:08  Drone  
  14  0:17  Overlord  
  14  0:35  Drone x2  
  16  0:47  Hatchery  
  15  0:51  Drone  
  15  0:55  Drone  
  17  0:58  Drone  
  18  1:11  Extractor  
  18  1:15  Spawning Pool  
  18  1:18  Drone  
  17  1:21  Drone  
  18  1:29  Drone  
  19  1:42  Drone  
  20  1:50  Overlord  
  20  2:01  Queen  
  20  2:02  Zergling x4, Queen  
  26  2:11  Metabolic Boost  
  26  2:14  Drone x2  
  28  2:20  Drone  
  29  2:23  Drone  
  30  2:36  Hatchery  
  29  2:40  Drone  
  30  2:45  Drone  
  30  2:48  Queen  
  33  2:52  Overlord  
  33  2:57  Drone x2  
  35  3:02  Overlord  
  35  3:04  Drone  
  36  3:10  Zergling x4  
  36  3:12  Drone x2  
  40  3:19  Drone, Spore Crawler  
  40  3:20  Drone  
  40  3:22  Zergling x2  
  40  3:26  Drone  
  43  3:31  Overlord  
  43  3:33  Drone  
  44  3:38  Drone  
  44  3:40  Queen  
  47  3:43  Queen  
  47  3:46  Overlord  
  49  3:50  Zergling x4  
  49  3:52  Drone  
  49  3:54  Drone  
  53  3:57  Drone  
  53  4:02  Drone x3  
  57  4:03  Drone  
  57  4:06  Spore Crawler  
  57  4:09  Drone x2  
  59  4:11  Overlord  
  59  4:16  Drone x2  
  61  4:19  Drone  
  61  4:22  Drone x2  
  63  4:27  Drone  
  63  4:28  Lair  
  63  4:29  Overlord  
  64  4:34  Drone  
  65  4:42  Overlord  
  65  4:43  Overlord x2  
  65  4:50  Drone, Overlord  
  65  4:51  Drone x6  
  72  4:58  Extractor x2  
  72  4:59  Drone x2, Extractor  
  72  5:00  Drone x3  
  72  5:03  Extractor  
  72  5:05  Zergling x4  
  72  5:06  Zergling x2  
  76  5:07  Zergling x2  
  76  5:14  Overlord  
  76  5:19  Drone  
  76  5:20  Drone  
  77  5:25  Zergling x12  
  83  5:30  Hydralisk Den  
  83  5:33  Queen  
  83  5:35  Zergling x14  
  90  5:41  Zergling x2  
  90  5:47  Hatchery  
  90  5:48  Overlord  
  89  5:51  Zergling x2  
  89  5:53  Zergling x4  
  89  5:54  Zergling x6  
  94  5:59  Queen  
  94  6:01  Hydralisk x3  
  94  6:02  Hydralisk  
  103  6:06  Hydralisk  
  103  6:08  Hydralisk  
  105  6:11  Hydralisk  
  105  6:12  Hydralisk  
  105  6:16  Hydralisk x2  
  109  6:21  Hydralisk  
  109  6:24  Queen  
  109  6:25  Hydralisk  
  111  6:29  Hydralisk  
  105  6:36  Hydralisk  
  105  6:39  Hydralisk x2  
  104  6:41  Hydralisk  
  103  6:49  Hydralisk x2  
  103  6:50  Hydralisk  
  100  6:58  Overlord x3  
  100  7:00  Hydralisk x2  
  97  7:03  Grooved Spines  
  97  7:06  Hydralisk  
  95  7:09  Hydralisk  
  95  7:11  Hydralisk  
  95  7:14  Hydralisk  
  101  7:18  Hydralisk x2  
  101  7:20  Hydralisk  
  107  7:25  Hydralisk x2  
  111  7:30  Hydralisk, Spore Crawler  
  111  7:33  Zergling x2  
  112  7:39  Overlord  
  107  7:45  Overlord  
  101  7:52  Hydralisk x2  
  99  7:58  Hydralisk  
  99  7:59  Hydralisk  
  101  8:06  Hydralisk  
  101  8:10  Zergling x26  
  116  8:14  Zergling x8  
  120  8:20  Overlord  
  120  8:21  Overlord  
  120  8:29  Overlord  
  120  8:41  Zergling x2  
  114  8:53  Zergling x4  
Tags
 
Add a new tag
Caveats
  • Supply blocks, unpowered buildings, or Contaminate may cause inaccurate times.
  • Supply counts are checked every 10 seconds.